AoeStats
← JamesdoXD3

Arabia

510191552Analyzed
1v1 RM · 3d ago on Sep 29, 2026· 31m 25s· 2 players
Game mode
Random Map
Map size
Tiny (2 player)
Population
200
Speed
Normal
Resources
Standard
Victory
Conquest
Starting age
Dark Age
Ending age
Imperial Age
RankedLock teamsTeams togetherTeam positionsShared explorationLock speedFull tech treeHidden civsTurbo modeCheats
Victory
Defeat
🇨🇴 Celts · Colombia
1224
+15
🇵🇹 Ethiopians · Portugal
1194
-15
Toxytocin
7:46 Loom
10:25 Feudal Age
19:18 Fletching
19:28 Padded Archer Armor
22:52 Padded Archer Armor
25:56 Castle Age
24:36 Double-Bit Axe
26:18 Wheelbarrow
25:55 Scale Barding Armor
25:44 Gold Mining
25:58 Crossbowman
26:36 Bodkin Arrow
29:01 Leather Archer Armor
30:14 Chain Barding Armor
JamesdoXD3
3:19 Loom
9:47 Feudal Age
10:31 Double-Bit Axe
10:27 Horse Collar
14:59 Fletching
15:09 Padded Archer Armor
17:11 Horse Collar
21:51 Castle Age
20:22 Stone Mining
21:08 Padded Archer Armor
21:43 Gold Mining
22:11 Forging
23:39 Wheelbarrow
25:36 Bow Saw
25:58 Heavy Plow
25:47 Pikeman
26:25 Elite Skirmisher
Connection lost

Rejoining the realm…

Still unreachable

The connection could not be restored.

Session expired

The server has moved on; the page needs a fresh start.